 Dungeon Crawl Stone Soup version 0.26.1-11-gd32895ea62 (webtiles) character file.

Game seed: 5277427876100251687

1902 dtburroughs the Chopper (level 8, 0/73 HPs)
             Began as a Minotaur Berserker on May 9, 2021.
             Was a Priest of Trog.
             Slain by a two-headed ogre
             ... wielding a +0 giant club
              (2 damage)
             ... on level 8 of the Dungeon.
             The game lasted 00:15:56 (13141 turns).

dtburroughs the Chopper (Minotaur Berserker)       Turns: 13141, Time: 00:15:56

Health: 0/73       AC: 18    Str: 21    XL:     8   Next: 94%
Magic:  7/7        EV:  2    Int:  6    God:    Trog [***...]
Gold:   375        SH:  0    Dex: -2 (11) Spells: 7/7 levels left

rFire    . . .     SeeInvis .   y - +0 battleaxe
rCold    . . .     Faith    .   (shield currently unavailable)
rNeg     . . .     Spirit   .   d - +0 plate armour
rPois    .         Reflect  +   (helmet restricted)
rElec    .         Harm     .   r - +0 cloak
rCorr    .         Rampage  .   (no gloves)
Will     +....                  (no boots)
Stlth    ..........             q - amulet of reflection
HPRegen  0.22/turn              x - ring of willpower
MPRegen  0.10/turn              F - +4 ring of protection

@: slowed, lost dexterity, very slow
A: retaliatory headbutt, horns 2
a: Renounce Religion, Berserk, Trog's Hand


You were on level 8 of the Dungeon.
You worshipped Trog.
Trog was most pleased with you.
You visited 1 branch of the dungeon, and saw 8 of its levels.

You collected 375 gold pieces.

Inventory:

Hand Weapons
 a - a +0 hand axe
 y - a +0 battleaxe (weapon)
Armour
 d - a +0 plate armour (worn)
 r - a +0 cloak (worn)
Jewellery
 q - an amulet of reflection (around neck)
 v - an uncursed amulet of reflection
 x - a ring of willpower (left hand)
 F - a +4 ring of protection (right hand)
Wands
 s - a wand of acid (16)
 w - a wand of iceblast (16)
 D - a wand of digging (6)
Scrolls
 b - 2 scrolls of blinking {unknown}
 e - a scroll of fear {unknown}
 g - a scroll of noise {unknown}
 h - 6 scrolls of teleportation
 k - a scroll of remove curse {unknown}
 l - 2 scrolls of immolation
 m - 2 scrolls of fog
 n - 3 scrolls of amnesia
 p - a scroll of enchant armour {unknown}
 u - a scroll of enchant weapon {unknown}
 A - 2 scrolls of magic mapping
 E - 2 scrolls of random uselessness {unknown}
Potions
 c - 4 potions of might
 f - 2 potions of haste
 i - a potion of flight {unknown}
 o - 3 potions of curing
 t - a potion of cancellation {unknown}
 z - 2 potions of heal wounds {unknown}
 B - a potion of mutation {unknown}
 C - a potion of brilliance {unknown}


   Skills:
 + Level 7.5 Fighting
 + Level 7.5 Axes
 + Level 6.9 Armour
 + Level 6.4 Dodging
 + Level 3.1 Evocations


You had 7 spell levels left.
You didn't know any spells.
Your spell library was empty.

Dungeon Overview and Level Annotations

Branches:
Dungeon (8/15)             Temple (0/1) D:7
   Lair: D:8-11

Altars:
Fedhas
Qazlal
Sif Muna
Wu Jian
Xom
Yredelemnul
The Shining One

Shops:
D:5 [}:(=


Innate Abilities, Weirdness & Mutations

You reflexively headbutt those who attack you in melee.
You have a pair of horns on your head.


Message History

You climb downwards.
There is a stone staircase leading up here.
A two-headed ogre comes into view. It is wielding two +0 giant clubs.
The two-headed ogre shouts in stereo!
The two-headed ogre hits you with a +0 giant club. x2
You hit the two-headed ogre but do no damage.
The two-headed ogre hits you with a +0 giant club!
The two-headed ogre hits you but does no damage.
Your plate armour prevents you from hitting the two-headed ogre.
Your headbutt misses the two-headed ogre.
The two-headed ogre hits you with a +0 giant club!
The two-headed ogre hits you but does no damage.
The two-headed ogre hits you with a +0 giant club! x2
* * * LOW HITPOINT WARNING * * *
You hit the two-headed ogre.
The two-headed ogre is lightly wounded.
The two-headed ogre hits you with a +0 giant club!
* * * LOW HITPOINT WARNING * * *
The two-headed ogre hits you with a +0 giant club.
You die...

#####
#...#
#@#.#
#O#.#
#.#.#
#.#<#
#.###
...
..#
.##


You could see a two-headed ogre.

Vanquished Creatures
  A water moccasin (D:6)
  2 sky beasts
  An ice beast (D:7)
  2 phantoms
  2 centaurs
  2 ogres (D:6)
  3 bullfrogs
  A wyvern zombie (D:6)
  2 scorpions (D:6)
  A bullfrog zombie (D:7)
  A quasit (D:7)
  A jelly (D:5)
  A bullfrog skeleton (D:7)
  4 hounds
  An iguana (D:6)
  2 orc wizards (D:7)
  3 worker ants
  3 gnolls (D:2)
  A howler monkey skeleton (D:5)
  9 adders
  3 shadow imps
  A white imp (D:5)
  2 ufetubi
  2 oozes (D:2)
  An adder zombie (D:7)
  An adder skeleton (D:5)
  4 worms
  3 dart slugs
  4 leopard geckos
  7 orcs
  5 giant cockroaches
  6 goblins
  6 hobgoblins
  10 jackals
  9 kobolds
  A quokka (D:4)
  A ball python (D:1)
  7 bats
  8 frilled lizards
  A jackal skeleton (D:5)
  13 rats
138 creatures vanquished.

Notes
Turn   | Place    | Note
-------+----------+-------------------------------------------
     0 | D:1      | dtburroughs the Minotaur Berserker began the quest for the
                  | Orb.
     0 | D:1      | Reached XP level 1. HP: 19/19 MP: 0/0
   166 | D:1      | Reached XP level 2. HP: 27/27 MP: 1/1
   699 | D:2      | Reached ** piety under Trog
   706 | D:2      | Reached XP level 3. HP: 33/33 MP: 2/2
   934 | D:2      | Reached XP level 4. HP: 30/41 MP: 3/3
  1959 | D:3      | Reached XP level 5. HP: 47/47 MP: 4/4
  2115 | D:3      | Reached *** piety under Trog
  2880 | D:4      | Reached skill level 5 in Fighting
  2880 | D:4      | Reached skill level 5 in Axes
  2988 | D:4      | Reached XP level 6. HP: 51/56 MP: 5/5
  3132 | D:4      | Found a basalt altar of Yredelemnul.
  3472 | D:5      | Entered Level 5 of the Dungeon
  3510 | D:5      | Found a shimmering altar of Xom.
  3564 | D:5      | Found Kuschammo's Jewellery Emporium.
  3691 | D:5      | Found Henevaul's Weapon Shoppe.
  3708 | D:5      | Found Uzibremel's Book Shoppe.
  3756 | D:5      | Found Ybounteo's Armour Shop.
  3806 | D:5      | Found Hicitotz's Gadget Shop.
  4239 | D:5      | Noticed a sky beast
  4253 | D:5      | Killed a sky beast
  4254 | D:5      | Reached skill level 5 in Armour
  4254 | D:5      | Reached XP level 7. HP: 47/62 MP: 6/6
  5321 | D:6      | Reached skill level 5 in Dodging
  5654 | D:6      | Reached skill level 1 in Evocations
  5855 | D:6      | Found a shimmering blue altar of Sif Muna.
  5860 | D:6      | Found a shimmering altar of Xom.
  5860 | D:6      | Found a glowing golden altar of the Shining One.
  5862 | D:6      | Found a blossoming altar of Fedhas.
  5862 | D:6      | Found an ornate altar of the Wu Jian Council.
  5862 | D:6      | Found an ornate altar of the Wu Jian Council.
  5988 | D:6      | Reached XP level 8. HP: 71/71 MP: 7/7
  6403 | D:7      | Reached **** piety under Trog
  6608 | D:7      | Lost dexterity.
 12375 | D:7      | Found a staircase to the Ecumenical Temple.
 12665 | D:7      | Found a stormy altar of Qazlal.
 13136 | D:8      | Noticed a two-headed ogre
 13141 | D:8      | HP: 2/73 [two-headed ogre/+0 giant club (7)]
 13141 | D:8      | Slain by a two-headed ogre

Illustrated notes

Levels and vault maps discovered:
D:1:      amcnicky_arrival_abandoned_market, layout_loops_ring, st_stairs_2
D:2:      layout_loops_ring
D:3:      layout_loops_ring
D:4:      layout_cave_pods, lemuel_round_altar, st_stairs_3
D:5:      layout_gridville, serial_shops, shop, shop, nicolae_shop_statue_plus,
          nicolae_shop_window_shopping, shop, basic_altar, minivault_14,
          hangedman_abyss_or_decor_passed, dk_rats_in_the_wall
D:6:      minmay_bubble_buster, layout_basic, doesnt_xom_only_xom
D:7:      layout_gridville, kennysheep_mini, minmay_temple_entry_overgrown
D:8:      layout_basic, nicolae_ru_sacrificial_ziggurat,
          gammafunk_temple_overflow_claw

Skill      XL: |  1  2  3  4  5  6  7  8 |
---------------+-------------------------+-----
Axes           | 4 5 6 7 |  7.5
Fighting       | 4 5 6 7 |  7.5
Armour         | 3 4 5 6 |  6.9
Dodging        | 3 4 5 6 |  6.4
Evocations     | 1 3 |  3.1

Action                   |  1- 3 |  4- 6 |  7- 9 || total
-------------------------+-------+-------+-------++-------
Melee: Hand axe          |    81 |   161 |    14 ||   256
       Headbutt          |    11 |    20 |    24 ||    55
       Battleaxe         |       |       |   211 ||   211
Invok: Berserk           |       |     1 |     1 ||     2
  Use: Scroll            |       |       |     8 ||     8
       Potion            |       |       |     1 ||     1
Armor: Ring mail         |    39 |    43 |    15 ||    97
       Plate armour      |       |       |   450 ||   450
       Chain mail        |       |       |    14 ||    14
Dodge: Dodged            |    55 |    96 |   170 ||   321
